 Dungeon Crawl Stone Soup version 0.24-a0-140-gcaa6c10 (webtiles) character file.

Game seed: 0

24693 yojik the Fighter (level 13, -10/98 HPs)
             Began as a Halfling Berserker on Mar 3, 2019.
             Was a Priest of Trog.
             Killed from afar by a rakshasa (25 damage)
             ... with an orb of energy
             ... on level 14 of the Dungeon on Mar 4, 2019.
             The game lasted 01:44:35 (20126 turns).

yojik the Fighter (Halfling Berserker)             Turns: 20126, Time: 01:44:38

Health: -10/98     AC:  8    Str: 15    XL:     13   Next: 44%
Magic:  13/13      EV: 24    Int: 12    God:    Trog [***...]
Gold:   808        SH:  9    Dex: 21    Spells: 12/12 levels left

rFire    + . .     SeeInvis .   X - +1 long sword (holy)
rCold    . . .     Gourm    .   N - +1 buckler
rNeg     . . .     Faith    .   z - +2 leather armour of Awe {rPois rF+ MR+ Str-5}
rPois    +         Spirit   .   f - +0 helmet
rElec    .         Reflect  .   H - scarf {cloud immunity}
rCorr    .         Harm     .   p - +0 pair of gloves
MR       +++..                  Y - +0 pair of boots {Fly}
Stlth    ++++......             U - amulet of the acrobat
HPRegen  1.26/turn              G - ring "Imyrhu" {Str+2 Int+6 Dex+3}
MPRegen  0.13/turn              g - +2 ring of slaying

@: berserk cooldown, flying, starving, regenerating
A: small, talons 1, mutation resistance 1
a: Berserk, Trog's Hand, Renounce Religion, Stop Flying


You were on level 14 of the Dungeon.
You worshipped Trog.
Trog was most pleased with you.
You were starving.

You visited 1 branch of the dungeon, and saw 14 of its levels.
You also visited: Sewer.

You collected 808 gold pieces.

Inventory:

Hand Weapons
 i - a +2 short sword of venom
 u - a +2 short sword of draining
 v - a +2 dagger of venom
 y - a +3 hunting sling of velocity
 S - a +5 hand axe of freezing
 X - a +1 long sword of holy wrath (weapon)
Missiles
 B - 3 silver tomahawks (quivered)
 F - 149 sling bullets
 J - a throwing net
Armour
 f - a +0 helmet (worn)
 p - a +0 pair of gloves (worn)
 t - a +1 robe of positive energy
 z - the +2 leather armour of Awe (worn) {rPois rF+ MR+ Str-5}
   (You found it on level 4 of the Dungeon)

   It affects your strength (-5).
   It protects you from fire.
   It protects you from poison.
   It affects your resistance to hostile enchantments.
 H - a scarf of cloud immunity (worn)
 N - a +1 buckler (worn)
 Y - a +0 pair of boots of flying (worn)
Jewellery
 g - a +2 ring of slaying (right hand)
 A - an uncursed ring of positive energy
 D - an uncursed ring of protection from magic
 G - the ring "Imyrhu" (left hand) {Str+2 Int+6 Dex+3}
   (You acquired it on level 8 of the Dungeon)

   [ring of dexterity]

   It affects your strength (+2).
   It affects your intelligence (+6).
   It affects your dexterity (+3).
 T - a +3 ring of protection {unknown}
 U - an amulet of the acrobat (around neck)
 W - an uncursed ring of wizardry {unknown}
Wands
 o - a wand of polymorph (17)
 I - a wand of scattershot (4)
 K - a wand of acid (8)
 L - a wand of enslavement (5)
 M - a wand of random effects (8)
 P - a wand of flame (24)
 Q - a wand of iceblast (11)
Scrolls
 a - 3 scrolls of identify
 b - a scroll of fog
 e - 2 scrolls of teleportation
 j - 14 scrolls of remove curse
 s - 3 scrolls of magic mapping
 w - 2 scrolls of fear
 O - a scroll of immolation
 R - a scroll of blinking
Potions
 d - 5 potions of haste
 h - a potion of ambrosia
 k - 8 potions of brilliance
 l - 2 potions of berserk rage
 m - 5 potions of heal wounds
 n - 3 potions of lignification
 q - 2 potions of might
 r - 6 potions of curing
 C - a potion of resistance
 E - 3 potions of invisibility
 V - a potion of agility {unknown}
Comestibles
 c - 17 rations


   Skills:
 * Level 12.4 Fighting
 + Level 8.6 Short Blades
 - Level 3.0 Axes
 + Level 11.2 Slings
 - Level 3.1 Armour
 + Level 10.7 Dodging
 - Level 7.4 Stealth
 + Level 7.5 Shields


You had 12 spell levels left.
You didn't know any spells.
Your spell library contained the following spells:

 Spells                   Type           Power        Failure   Level  Hunger
 Animate Skeleton         Necr           N/A          38%         1    ##.....
 Apportation              Tloc           #.....       38%         1    ##.....
 Beastly Appendage        Tmut           #.....       38%         1    ##.....
 Confusing Touch          Hex            #.....       38%         1    ##.....
 Sandblast                Erth           #.....       38%         1    ##.....
 Summon Small Mammal      Summ           #...         38%         1    ##.....
 Passwall                 Tmut/Erth      #.......     52%         2    ###....
 Sticks to Snakes         Tmut           #.......     52%         2    ###....
 Confuse                  Hex            #.......     77%         3    ####...
 Gell's Gravitas          Tloc           #.........   77%         3    ####...
 Spider Form              Tmut/Pois      #.........   77%         3    ####...
 Static Discharge         Conj/Air       #.......     77%         3    ####...
 Stone Arrow              Conj/Erth      #.....       77%         3    ####...
 Ice Form                 Ice/Tmut       #.......     99%         4    #####..
 Petrify                  Tmut/Erth      #.......     99%         4    #####..
 Blade Hands              Tmut           #.........   100%        5    ######.
 Lee's Rapid Deconstruct  Erth           #.........   100%        5    ######.
 Lightning Bolt           Conj/Air       #.........   100%        5    ######.
 Metabolic Englaciation   Hex/Ice        #.........   100%        5    ######.
 Yara's Violent Unravell  Hex/Tmut       #.........   100%        5    ######.
 Ignition                 Fire           #.........   100%        8    #######
 Shatter                  Erth           #.........   100%        9    #######
 Tornado                  Air            #.........   100%        9    #######


Dungeon Overview and Level Annotations

Branches:
Dungeon (14/15)            Temple (0/1) D:4            Lair (0/6) D:10
    Orc (0/2) D:11         Vaults (0/5) D:14

Altars:
Cheibriados
Fedhas
Makhleb
Nemelex Xobeh
Okawaru
Qazlal
Ru
Sif Muna
Trog
Wu Jian
Xom
Yredelemnul
The Shining One

Shops:
D:6 %   D:10 (

Annotations:
D:10 2 transporters, exclusion: door, arkorax's ghost, journeyman HOBe
D:13 2 transporters, Phong's ghost, journeyman OpFE


Innate Abilities, Weirdness & Mutations

You are small and have problems with some larger weapons.
You are somewhat resistant to further mutation.
You have sharp toenails.


Message History

The rakshasa hits you with a +0 trident!!
* * * LOW HITPOINT WARNING * * *
A centaur opens the door.
A worker ant comes into view.
A troll comes into view.
An orc warrior comes into view. It is wielding a +0 battleaxe.
A wraith comes into view.
The centaur wields a shortbow.
The centaur shoots an arrow.
The arrow hits you!
* * * LOW HITPOINT WARNING * * *
The rakshasa barely misses you.
The troll shouts!
You can move again.
Found eight items. 2 cyclopes come into view.
Your magical effects are unravelling.
You feel magically purged.
You feel yourself speed up.
The centaur shoots an arrow.
The arrow barely misses you. The rakshasa gestures at you.
The orb of energy hits you!!
You die...

#####'## #######'### #.......###
.<.....# ##).(.(....# #.......'..
.......###)#####....###.......##.
.......##(##..$##...).........##.
.......##.#/.%C!#.####........##.
.....(.'..#=.C..###..##.......##.
.....[.##.#)TWco##.)..#.......###
.......##.##.?.a#R....#.....>.#
.......###.#####@##..##..######
.......# ##....#'###'#...#
######## ###.##)##......#
#.#...#.....## #.##?##..####
#..###...# ##.......# ####...##
#####


You could see a rakshasa, 2 cyclopes, a troll, a wraith, an orc warrior, a
centaur and a worker ant.

Vanquished Creatures
  A hydra (D:13)
  Harold (D:8)
  A two-headed ogre (D:9)
  A wizard (D:14)
  A necromancer (D:14)
  A wolf spider zombie (D:13)
  9 ugly things
  A cyclops (D:13)
  4 slime creatures (D:13)
  A manticore (D:13)
  Joseph (D:7)
  3 trolls
  3 hippogriffs
  Sigmund (D:3)
  2 shadows (D:13)
  2 wraiths (D:14)
  A human (shapeshifter) (D:14)
  10 yaks
  4 hogs (D:7)
  3 humans
  A wyvern (D:11)
  A steam dragon (D:12)
  3 hungry ghosts
  A basilisk (D:11)
  Menkaure (D:7)
  3 vampire mosquitoes (D:14)
  A soldier ant (D:14)
  A water moccasin (D:9)
  2 acid dragons (D:11)
  2 black bears
  10 orc warriors
  3 ice beasts
  4 ogres
  2 phantoms
  13 centaurs
  3 big kobolds
  11 bullfrogs
  A wyvern zombie (D:14)
  A water moccasin zombie (D:7)
  4 scorpions
  A wyvern skeleton (D:14)
  9 killer bees
  5 wights
  5 howler monkeys
  9 crimson imps
  2 quasits
  3 centaur zombies
  2 bullfrog zombies
  An iron imp (D:9)
  8 jellies
  3 hounds
  3 bullfrog skeletons
  9 orc priests
  4 centaur skeletons
  5 iguanas
  20 orc wizards
  3 worker ants
  A bullfrog simulacrum (D:9)
  A worker ant zombie (D:5)
  Robin (D:2)
  4 gnolls (D:2)
  4 adders
  2 shadow imps
  2 white imps (D:9)
  An ufetubus (D:8)
  5 worms
  5 dart slugs
  3 leopard geckos
  72 orcs
  5 giant cockroaches
  9 hobgoblins
  18 jackals
  32 kobolds
  8 quokkas
  5 ball pythons
  4 bats
  6 frilled lizards
  13 goblins
  A goblin zombie (D:9)
  3 hobgoblin zombies (D:9)
  A jackal skeleton (D:4)
  A jackal zombie (D:6)
  A kobold skeleton (D:9)
  A kobold zombie (D:9)
  2 orc skeletons (D:9)
  A quokka zombie (D:5)
  9 rats
  4 plants
436 creatures vanquished.

Vanquished Creatures (collateral kills)
  A death knight (D:14)
  An unseen horror (D:12)
  3 slime creatures (D:13)
  A wolf (D:9)
  An electric eel (D:9)
  A white imp (D:9)
  An orc (D:13)
9 creatures vanquished.

Grand Total: 445 creatures vanquished

Notes
Turn   | Place    | Note
-------+----------+-------------------------------------------
     0 | D:1      | yojik the Halfling Berserker began the quest for the Orb.
     0 | D:1      | Reached XP level 1. HP: 15/15 MP: 1/1
   110 | D:1      | Reached XP level 2. HP: 11/20 MP: 2/2
   138 | D:1      | Reached skill level 3 in Fighting
   462 | D:1      | Reached XP level 3. HP: 25/26 MP: 3/3
   802 | D:1      | Reached ** piety under Trog
  1271 | D:2      | Reached skill level 1 in Short Blades
  1271 | D:2      | Reached XP level 4. HP: 27/31 MP: 4/4
  1421 | D:2      | Found a blossoming altar of Fedhas.
  1566 | D:2      | Reached skill level 1 in Stealth
  1685 | D:2      | Found a sacrificial altar of Ru.
  1758 | D:2      | Reached XP level 5. HP: 37/37 MP: 5/5
  2059 | D:3      | Found a snail-covered altar of Cheibriados.
  2077 | D:3      | Reached skill level 4 in Fighting
  2484 | D:3      | Noticed Robin
  2485 | D:3      | Noticed Sigmund
  2730 | D:2      | Killed Robin
  2832 | D:3      | Killed Sigmund
  2832 | D:3      | Reached XP level 6. HP: 44/44 MP: 6/6
  3067 | D:3      | Found an ornate altar of the Wu Jian Council.
  3284 | D:4      | Reached XP level 7. HP: 49/49 MP: 7/7
  3345 | D:4      | Reached *** piety under Trog
  3379 | D:4      | Reached skill level 5 in Fighting
  3449 | D:4      | Gained mutation: You have sharp toenails. [potion of
                  | mutation]
  3636 | D:4      | Found a glowing drain.
  3814 | Sewer    | Entered a sewer
  4695 | D:4      | Reached XP level 8. HP: 56/56 MP: 8/8
  4760 | D:4      | Found a deep blue altar of Sif Muna.
  4956 | D:4      | Got a jewelled leather armour
  4967 | D:4      | Identified the +2 leather armour of Awe {rPois rF+ MR+
                  | Str-5} (You found it on level 4 of the Dungeon)
  5024 | D:4      | Found a staircase to the Ecumenical Temple.
  5099 | D:5      | Entered Level 5 of the Dungeon
  5335 | D:5      | Reached skill level 5 in Dodging
  5453 | D:5      | Reached **** piety under Trog
  5501 | D:5      | Found a stormy altar of Qazlal.
  6085 | D:5      | Reached skill level 6 in Fighting
  6536 | D:6      | Reached skill level 5 in Short Blades
  6536 | D:6      | Reached skill level 5 in Stealth
  6640 | D:6      | Found Voadduth's Food Shoppe.
  6854 | D:6      | Reached XP level 9. HP: 56/63 MP: 9/9
  6902 | D:6      | Found a sparkling altar of Nemelex Xobeh.
  7130 | D:6      | Found a glowing golden altar of the Shining One.
  7263 | D:7      | Noticed Joseph
  7278 | D:7      | Killed Joseph
  7278 | D:7      | Reached skill level 7 in Fighting
  7581 | D:7      | Reached skill level 1 in Slings
  8233 | D:7      | Reached skill level 8 in Fighting
  8609 | D:7      | Found a burning altar of Makhleb.
  8651 | D:7      | Found a basalt altar of Yredelemnul.
  8653 | D:7      | Noticed Menkaure
  8659 | D:7      | Killed Menkaure
  8659 | D:7      | Reached XP level 10. HP: 50/72 MP: 10/10
  9146 | D:8      | Noticed Harold
  9366 | D:8      | Killed Harold
  9366 | D:8      | Reached skill level 5 in Slings
  9491 | D:8      | Found a shimmering altar of Xom.
  9607 | D:8      | Identified a scroll of acquirement
  9608 | D:8      | Got a slimy tin ring
  9711 | D:8      | Identified the ring "Imyrhu" {Str+2 Int+6 Dex+3} (You
                  | acquired it on level 8 of the Dungeon)
  9772 | D:9      | Received a gift from Trog
  9781 | D:9      | Found a glowing golden altar of the Shining One.
  9942 | D:9      | Reached skill level 9 in Fighting
 10163 | D:9      | Reached skill level 1 in Shields
 10198 | D:9      | Received a gift from Trog
 10308 | D:9      | Noticed a two-headed ogre
 10327 | D:9      | Killed a two-headed ogre
 10465 | D:9      | Reached XP level 11. HP: 78/80 MP: 11/11
 11602 | D:10     | Entered Level 10 of the Dungeon
 11655 | D:10     | Noticed a cyclops
 11755 | D:10     | Found Erefuic's Antique Weapon Shoppe.
 11870 | D:10     | Reached skill level 10 in Fighting
 12272 | D:10     | Reached ***** piety under Trog
 12413 | D:10     | Found a staircase to the Lair.
 12561 | D:10     | Found a bloodstained altar of Trog.
 12561 | D:10     | Identified the +5 scimitar "Orieli Rime" {flame, Int+4}
 12561 | D:10     | Noticed arkorax's ghost (journeyman HOBe)
 12562 | D:10     | Noticed a moth of wrath
 12574 | D:10     | Found a transporter.
 12582 | D:10     | Found a transporter.
 13024 | D:11     | Received a gift from Trog
 13354 | D:11     | Received a gift from Trog
 13767 | D:11     | Reached XP level 12. HP: 89/89 MP: 12/12
 13955 | D:11     | Found a staircase to the Orcish Mines.
 14324 | D:12     | Reached skill level 5 in Shields
 14424 | D:12     | Received a gift from Trog
 14580 | D:12     | Killed an unseen horror
 14580 | D:12     | Reached skill level 11 in Fighting
 14850 | D:12     | Found an iron altar of Okawaru.
 14883 | D:12     | Received a gift from Trog
 15189 | D:13     | Noticed Phong's ghost (journeyman OpFE)
 15251 | D:13     | Found a transporter.
 15656 | D:13     | Noticed a six-headed hydra
 15676 | D:13     | Killed a six-headed hydra
 16134 | D:13     | Reached skill level 10 in Slings
 16134 | D:13     | Reached skill level 10 in Dodging
 16724 | D:13     | Found a transporter.
 17287 | D:14     | Noticed a death knight
 17326 | D:14     | Killed a death knight
 17515 | D:14     | Reached XP level 13. HP: 96/96 MP: 13/13
 17551 | D:14     | Found a gate to the Vaults.
 17682 | D:14     | Reached skill level 12 in Fighting
 17983 | D:13     | HP: 1/97 [white ugly thing (22)]
 18273 | D:13     | Upgraded the game from 0.24-a0-139-geb6712d to
                  | 0.24-a0-140-gcaa6c10
 18385 | D:13     | Received a gift from Trog
 20090 | D:14     | Noticed a rakshasa
 20126 | D:14     | Killed from afar by a rakshasa

Levels and vault maps discovered:
D:1:      minmay_arrival_widening_spiral_wide, layout_basic
D:2:      layout_rooms, fedhas_ov_isle_minmay, lemuel_coloured_pillars_altar
D:3:      layout_rooms, nicolae_overflow_hidden_temple, first_ration,
          uniq_robin, uniq_sigmund
D:4:      layout_loops_ring, old_standard_altar, minmay_temple_entry_fiery,
          cheibrodos_sewer_entry_bend
D:5:      layout_loops_ring, nicolae_qazlal_general_emergency
D:6:      layout_basic, kennysheep_little_box, overflow_temple_1_default,
          serial_shops, shop_statue, minmay_misc_feat_tiny
D:7:      layout_cave_pools, lemuel_crystal_altar, basic_altar, grunt_livestock,
          kennysheep_generic_room_4, uniq_menkaure, uniq_joseph
D:8:      layout_gridville, xom_butterflies, uniq_harold
D:9:      layout_basic, serial_ice, serial_ice_f, serial_ice_a, serial_ice_d,
          serial_ice_k, nicolae_tso_besieged_by_evil
D:10:     layout_loops_corners, grunt_lair_entry_orc_guard_hut,
          gammafunk_ghost_wrathful_warriors, serial_shops, shop
D:11:     layout_loops_ring, david_orc_3
D:12:     layout_cave_pools, nrook_uturn, okawaru_humans
D:13:     layout_loops_corners, gammafunk_ghost_stat_death
D:14:     layout_roguey, david_vaults_1, hangedman_decor_clover_reticule,
          minmay_joined_circles
Sewer:    sewer_co_scattered_pipes

Skill      XL: |  1  2  3  4  5  6  7  8  9 10 11 12 13 |
---------------+----------------------------------------+-----
Fighting       | 3 4 5 6 8 9 10 11 12 | 12.4
Dodging        | 3 4 5 7 8 9 10 | 10.7
Short Blades   | 1 2 3 5 6 7 8 |  8.6
Stealth        | 1 2 3 5 7 |  7.4
Armour         | 3 |  3.1
Slings         | 3 6 8 10 11 | 11.2
Shields        | 2 4 6 7 |  7.5
Axes           | |  3.0

Action                   |  1- 3 |  4- 6 |  7- 9 | 10-12 | 13-15 || total
-------------------------+-------+-------+-------+-------+-------++-------
Melee: Hand axe          |    64 |       |       |    20 |    17 ||   101
       Short sword       |    37 |   117 |   429 |   317 |   106 ||  1006
       Kick              |       |       |   124 |   176 |       ||   300
       Dagger            |       |       |    18 |    33 |     2 ||    53
       Long sword        |       |       |       |    37 |    83 ||   120
 Fire: Hunting sling     |       |       |       |   489 |    75 ||   564
Throw: Throwing net      |       |     1 |       |       |       ||     1
       Tomahawk          |       |       |       |     3 |       ||     3
Invok: Berserk           |       |     2 |     5 |     4 |     3 ||    14
       Trog's Hand       |       |     2 |     6 |    10 |     5 ||    23
       Brothers in Arms  |       |       |       |     4 |       ||     4
 Abil: Stop Flying       |       |       |       |       |     1 ||     1
       Evoke Flight      |       |       |       |       |     1 ||     1
Evoke: Wand              |       |       |       |     3 |       ||     3
  Use: Scroll            |       |       |    13 |    12 |     1 ||    26
       Potion            |       |       |     2 |       |     2 ||     4
 Stab: Sleeping          |     1 |       |     7 |     4 |       ||    12
  Eat: Chunk             |     1 |     6 |    16 |    28 |     4 ||    55
       Ration            |       |     1 |     2 |     3 |     2 ||     8
Armor: Animal skin       |    25 |    16 |       |       |       ||    41
       Robe              |       |     3 |    15 |       |       ||    18
       Leather armour    |       |       |    51 |    57 |    26 ||   134
Dodge: Dodged            |    98 |    94 |   303 |   312 |   179 ||   986
Block: Buckler           |       |       |       |   125 |    82 ||   207
       Rpst.: Long sword |       |       |       |     6 |    17 ||    23

Table legend:
 A = Non-vault XP
 B = Vault XP
 C = Vault XP percentage of total XP
 D = Non-vault monster count
 E = Vault monster count
 F = Vault count percentage of total count
                 A         B        C        D         E       F
            +---------+---------+-------+---------+---------+-------
      Total |   28074 |    7203 |  20.4 |     357 |      84 |  19.0
            +---------+---------+-------+---------+---------+-------
        D:1 |      49 |       0 |   0.0 |      27 |       0 |   0.0
        D:2 |     123 |      17 |  12.1 |      21 |       2 |   8.7
        D:3 |      82 |     240 |  74.5 |      20 |      10 |  33.3
        D:4 |     646 |      13 |   2.0 |      27 |       3 |  10.0
        D:5 |     276 |       0 |   0.0 |      23 |       0 |   0.0
        D:6 |     579 |       0 |   0.0 |      17 |       0 |   0.0
        D:7 |     386 |    1621 |  80.8 |      22 |       7 |  24.1
        D:8 |     447 |     978 |  68.6 |       6 |       2 |  25.0
        D:9 |    3039 |     686 |  18.4 |      40 |      17 |  29.8
       D:10 |    2439 |     536 |  18.0 |      31 |       6 |  16.2
       D:11 |    4174 |     302 |   6.7 |      41 |       4 |   8.9
       D:12 |    1782 |     374 |  17.3 |      26 |       2 |   7.1
       D:13 |    8370 |       0 |   0.0 |      29 |       0 |   0.0
       D:14 |    5682 |    2387 |  29.6 |      27 |       6 |  18.2
      Sewer |       0 |      49 | 100.0 |       0 |      25 | 100.0
            +---------+---------+-------+---------+---------+-------
